 Dungeon Crawl Stone Soup version 0.24.0-123-gd5b16e6ec5 (webtiles) character file.

Game seed: 13210811189724323100, levelgen mode: deterministic

47481 ReteAZ the Severer (level 14, -6/132 HPs)
             Began as a Minotaur Berserker on Jan 3, 2020.
             Was a High Priest of Trog.
             Mangled by a spiny frog (9 damage)
             ... on level 6 of the Lair of Beasts.
             The game lasted 00:33:13 (18666 turns).

ReteAZ the Severer (Minotaur Berserker)            Turns: 18666, Time: 00:33:14

Health: -6/132     AC: 19    Str: 26    XL:     14   Next: 8%
Magic:  17/17      EV: 12    Int:  4    God:    Trog [*****.]
Gold:   853        SH:  5    Dex: 11    Spells: 13/13 levels left

rFire    + . .     SeeInvis .   T - +2 executioner's axe (chop)
rCold    . . .     Gourm    .   (shield currently unavailable)
rNeg     . . .     Faith    .   B - +4 ring mail {rF+}
rPois    .         Spirit   .   (helmet restricted)
rElec    .         Reflect  +   r - +0 cloak
rCorr    +         Harm     .   j - +0 pair of gloves
MR       +....                  n - +2 pair of boots
Stlth    +.........             x - +5 amulet of reflection
HPRegen  0.32/turn              (no ring)
MPRegen  0.15/turn              U - ring of resist corrosion

@: lethally poisoned (-6 -> -17), berserk cooldown
A: retaliatory headbutt, horns 2
a: Berserk, Trog's Hand, Brothers in Arms, Renounce Religion


You were on level 6 of the Lair of Beasts.
You worshipped Trog.
Trog was extremely pleased with you.
You were very hungry.

You visited 2 branches of the dungeon, and saw 15 of its levels.

You collected 1061 gold pieces.
You spent 208 gold pieces at shops.

Inventory:

Hand Weapons
 a - a +0 hand axe
 C - a +0 war axe
 F - a +2 hand axe of flaming
 T - a +2 executioner's axe of chopping (weapon)
Missiles
 e - 29 poisoned darts
 N - 6 silver boomerangs (quivered)
Armour
 b - a +0 animal skin
 j - a +0 pair of gloves (worn)
 n - a +2 pair of boots (worn)
 p - a +0 scale mail
 r - a +0 cloak (worn)
 A - a +0 plate armour
 B - a +4 ring mail of fire resistance (worn)
Jewellery
 t - an uncursed ring of fire
 x - a +5 amulet of reflection (around neck)
 G - an uncursed amulet of guardian spirit
 H - an uncursed ring of fire
 P - an uncursed ring of flight
 U - a ring of resist corrosion (right hand)
Wands
 f - a wand of paralysis (24)
 i - a wand of random effects (15)
 m - a wand of acid (33)
 y - a wand of polymorph (12)
 z - a wand of digging (6)
 R - a wand of scattershot (5)
Scrolls
 h - 10 scrolls of identify
 o - 12 scrolls of teleportation
 q - 9 scrolls of remove curse
 s - 5 scrolls of enchant armour
 D - 2 scrolls of fog
 L - 2 scrolls of fear {unknown}
 M - 2 scrolls of magic mapping {unknown}
 O - a scroll of summoning {unknown}
Potions
 d - a potion of agility
 g - a potion of curing
 k - a potion of berserk rage
 l - a potion of brilliance
 u - 3 potions of haste
 v - a potion of resistance
 I - a potion of might
 J - 2 potions of cancellation
 K - 2 potions of flight
 Q - a potion of magic
 S - a potion of heal wounds
Comestibles
 c - 26 rations


   Skills:
 + Level 14.2 Fighting
 * Level 18.9 Axes
 + Level 14.1 Armour
 - Level 2.1 Dodging
 - Level 6.0 Evocations


You had 13 spell levels left.
You didn't know any spells.
Your spell library was empty.

Dungeon Overview and Level Annotations

Branches:
Dungeon (9/15)             Temple (0/1) D:7            Lair (6/6) D:8
  Swamp (0/4) Lair:2        Snake (0/4) Lair:2        Slime (0/5) Lair:5
    Orc (0/2) D:9

Altars:
Ashenzari
Fedhas
Kikubaaqudgha
Qazlal
Trog
Uskayaw
Vehumet
Xom
Yredelemnul
Zin
The Shining One
Jiyva

Shops:
D:5 (   D:9 (

Annotations:
Lair:1 1 runed translucent door, gargbit's ghost, journeyman GrWz
Lair:2 1 runed translucent door, Elebi's ghost, journeyman DrTm


Innate Abilities, Weirdness & Mutations

You reflexively headbutt those who attack you in melee.
You have a pair of horns on your head.


Message History

You block the spiny frog's attack.
A yak comes into view.
The spiny frog stings you but does no damage.
The spiny frog stings you!
* * * LOW HITPOINT WARNING * * *
You hit the spiny frog but do no damage.
You headbutt the spiny frog, but do no damage.
The spiny frog is almost dead.
You closely miss the spiny frog. You hit the yak.
You feel yourself speed up.
You feel very sick. The yak gores you!
* * * LOW HITPOINT WARNING * * *
The spiny frog stings you.
* * * LOW HITPOINT WARNING * * *
A yak comes into view.
The spiny frog barely misses you. You furiously retaliate!
You headbutt the spiny frog! The yak gores you but does no damage.
The spiny frog stings you!
You die...

...##. ...#. #. ##...
....## #.
#...########....###
[.###....#....#.......##.
#.+......................
##.⌠.....⌠..<..⌠.....⌠...
#...............FF...Y.Y.
...#....# #...##@Y..##...
#.......### ##...#
##..#....## #...##
##...##...#####...##
#.....##....⌠.....#
#....####........#.
#....####...<.#.##.
##....##÷÷##### .
#P....##....#


You could see 3 yaks and 2 spiny frogs.

Vanquished Creatures
  Harold (D:9)
  12 hydras
  3 death yaks (Lair:6)
  Sonja (Lair:2)
  Pikel (D:7)
  A lindwurm (Lair:6)
  9 elephants
  5 black mambas
  17 spiny frogs
  A rime drake (Lair:6)
  10 komodo dragons
  A queen bee (Lair:5)
  3 meliai (Lair:5)
  A polar bear (Lair:2)
  Prince Ribbit (D:6)
  4 dream sheep (Lair:6)
  19 blink frogs
  8 hippogriffs
  A spriggan (D:7)
  27 yaks
  4 wyverns (D:8)
  A basilisk (Lair:5)
  2 nagas (Lair:2)
  4 swamp worms (Lair:2)
  An acid dragon (D:8)
  9 water moccasins
  15 porcupines
  Duvessa (D:6)
  A swamp drake (D:9)
  2 slaves (D:7)
  A necrophage (D:9)
  5 orc warriors
  9 ice beasts
  2 black bears
  8 ogres
  14 wolves
  9 crocodiles
  5 centaurs
  12 bullfrogs
  A wyvern zombie (D:8)
  Dowan (D:6)
  4 scorpions
  A water moccasin skeleton (D:7)
  22 killer bees (Lair:5)
  2 howler monkeys (D:7)
  8 electric eels
  A centaur zombie (D:7)
  3 crimson imps
  A bullfrog zombie (D:3)
  6 orc priests
  3 hounds
  5 iguanas
  7 orc wizards
  Jessica (D:3)
  7 worker ants
  A hound skeleton (D:5)
  A river rat (D:3)
  11 adders
  3 shadow imps
  3 oozes
  3 adder skeletons
  12 dart slugs
  4 worms
  6 leopard geckos
  27 orcs
  2 ball pythons
  9 bats
  5 giant cockroaches
  3 hobgoblins
  12 jackals
  2 quokkas
  6 frilled lizards
  8 goblins
  5 kobolds
  10 rats
  4 fungi
  6 plants
447 creatures vanquished.

Vanquished Creatures (others)
  A worker ant (D:7)
  9 fungi
  15 plants
25 creatures vanquished.

Grand Total: 472 creatures vanquished

Notes
Turn   | Place    | Note
-------+----------+-------------------------------------------
     0 | D:1      | ReteAZ the Minotaur Berserker began the quest for the Orb.
     0 | D:1      | Reached XP level 1. HP: 19/19 MP: 0/0
    91 | D:1      | Reached skill level 4 in Axes
   213 | D:1      | Reached XP level 2. HP: 24/27 MP: 1/1
   654 | D:1      | Reached XP level 3. HP: 32/33 MP: 2/2
   968 | D:2      | Reached ** piety under Trog
  1000 | D:2      | Found a shattered altar of Ashenzari.
  1000 | D:2      | Found a glowing golden altar of the Shining One.
  1020 | D:2      | Reached XP level 4. HP: 39/41 MP: 3/3
  1033 | D:2      | Reached skill level 5 in Axes
  1161 | D:2      | Noticed an ogre
  1173 | D:2      | Killed an ogre
  1173 | D:2      | Reached XP level 5. HP: 20/47 MP: 4/4
  1390 | D:2      | Found a glowing silver altar of Zin.
  1659 | D:3      | Noticed Jessica
  1667 | D:3      | Killed Jessica
  1667 | D:3      | Reached skill level 5 in Fighting
  1667 | D:3      | Reached skill level 6 in Axes
  1680 | D:3      | Found a blossoming altar of Fedhas.
  2097 | D:3      | Reached XP level 6. HP: 43/56 MP: 5/5
  2261 | D:3      | Found a glowing drain.
  2620 | D:4      | Reached *** piety under Trog
  2625 | D:4      | Reached skill level 7 in Axes
  2731 | D:4      | Reached skill level 5 in Armour
  2744 | D:4      | Reached XP level 7. HP: 42/62 MP: 6/6
  3220 | D:5      | Entered Level 5 of the Dungeon
  3343 | D:5      | Noticed a hippogriff
  3355 | D:5      | Killed a hippogriff
  3355 | D:5      | Reached skill level 8 in Axes
  3617 | D:5      | Found a hide-covered altar of Uskayaw.
  3617 | D:5      | Noticed a +0 hand axe
  3617 | D:5      | Noticed a +0 dagger
  3682 | D:5      | Reached XP level 8. HP: 68/71 MP: 7/7
  3878 | D:5      | Reached skill level 9 in Axes
  3898 | D:5      | Reached **** piety under Trog
  4102 | D:5      | Found Tucyum's Weapon Boutique.
  4162 | D:6      | Noticed Duvessa
  4178 | D:6      | Noticed Dowan
  4182 | D:6      | Killed Duvessa
  4187 | D:6      | Killed Dowan
  4316 | D:6      | Reached skill level 10 in Axes
  4667 | D:6      | Noticed Prince Ribbit
  4685 | D:6      | Killed Prince Ribbit
  4685 | D:6      | Reached XP level 9. HP: 81/81 MP: 8/8
  4817 | D:6      | Reached skill level 1 in Evocations
  4964 | D:7      | Noticed Pikel
  4996 | D:7      | Killed Pikel
  4996 | D:7      | Reached skill level 11 in Axes
  5072 | D:7      | Found a staircase to the Ecumenical Temple.
  5086 | D:7      | Found a basalt altar of Yredelemnul.
  5213 | D:7      | Found an ancient bone altar of Kikubaaqudgha.
  5801 | D:8      | Found a bloodstained altar of Trog.
  5802 | D:8      | Found a stormy altar of Qazlal.
  5840 | D:8      | Found a bloodstained altar of Trog.
  6106 | D:8      | Found a shimmering altar of Xom.
  6122 | D:8      | Found a radiant altar of Vehumet.
  6324 | D:8      | Reached skill level 12 in Axes
  6337 | D:8      | Reached XP level 10. HP: 64/91 MP: 11/11
  6725 | D:8      | Found a staircase to the Lair.
  6932 | D:9      | Reached ***** piety under Trog
  6979 | D:9      | Found Zaesk's Weapon Boutique.
  6998 | D:9      | Bought a +2 hand axe of flaming for 208 gold pieces
  7357 | D:9      | Noticed Harold
  7403 | D:9      | Killed Harold
  8199 | D:9      | Found a staircase to the Orcish Mines.
  8221 | D:9      | Reached skill level 13 in Axes
  8730 | Lair:1   | Entered Level 1 of the Lair of Beasts
  8736 | D:8      | Reached skill level 10 in Fighting
  8860 | Lair:1   | Noticed a spiny frog
  8886 | Lair:1   | Killed a spiny frog
  8894 | Lair:1   | Reached skill level 10 in Armour
  8894 | Lair:1   | Reached XP level 11. HP: 36/100 MP: 13/13
  8908 | Lair:1   | Reached skill level 5 in Evocations
  9325 | Lair:1   | Reached skill level 14 in Axes
  9562 | Lair:1   | HP: 3/153 [porcupine (6)]
  9567 | Lair:1   | HP: 2/153 [poisoned by a spiny frog]
  9572 | Lair:1   | HP: 2/153 [poisoned by a spiny frog]
  9577 | Lair:1   | HP: 5/153 [poisoned by a spiny frog]
  9968 | Lair:1   | Found a runed translucent door.
  9971 | Lair:1   | Noticed gargbit's ghost (journeyman GrWz)
 10592 | Lair:2   | Found a staircase to the Snake Pit.
 10859 | Lair:2   | Reached skill level 15 in Axes
 11307 | Lair:2   | Noticed a four-headed hydra
 11313 | Lair:2   | Reached XP level 12. HP: 80/110 MP: 15/15
 11318 | Lair:2   | Killed a one-headed hydra
 11361 | Lair:2   | Noticed a four-headed hydra
 11368 | Lair:2   | Killed a one-headed hydra
 11705 | Lair:2   | Found a runed translucent door.
 11709 | Lair:2   | Noticed Elebi's ghost (journeyman DrTm)
 11807 | Lair:2   | Noticed a five-headed hydra
 11822 | Lair:2   | Killed a one-headed hydra
 11909 | Lair:2   | Noticed a six-headed hydra
 11928 | Lair:2   | Killed a three-headed hydra
 12203 | Lair:2   | Reached skill level 16 in Axes
 12381 | Lair:2   | Noticed an eight-headed hydra
 12388 | Lair:2   | Noticed Sonja
 12402 | Lair:2   | Killed a six-headed hydra
 12687 | Lair:2   | Killed Sonja
 13198 | Lair:2   | Found a staircase to the Swamp.
 13200 | Lair:2   | Noticed a seven-headed hydra
 13209 | Lair:2   | Killed a two-headed hydra
 13792 | Lair:3   | Noticed a six-headed hydra
 13806 | Lair:3   | Killed a three-headed hydra
 14161 | Lair:3   | Noticed a seven-headed hydra
 14187 | Lair:3   | Killed a one-headed hydra
 14490 | Lair:3   | Reached skill level 17 in Axes
 14597 | Lair:3   | Reached XP level 13. HP: 80/119 MP: 16/16
 16561 | Lair:5   | Received a gift from Trog
 16632 | Lair:5   | Found a viscous altar of Jiyva.
 16633 | Lair:5   | Found a staircase to the Slime Pits.
 17059 | Lair:5   | Reached skill level 18 in Axes
 17740 | Lair:6   | Entered Level 6 of the Lair of Beasts
 18066 | Lair:6   | Received a gift from Trog
 18412 | Lair:6   | Reached XP level 14. HP: 74/132 MP: 17/17
 18666 | Lair:6   | HP: 4/132 [yak (14)]
 18666 | Lair:6   | Mangled by a spiny frog

Levels and vault maps discovered:
D:1:      dpeg_arrival_stone_temple_mockup, layout_loops_ring, serial_forest,
          infiniplex_forest_end_2, infiniplex_forest_lined_corner,
          infiniplex_forest_lined_corner, infiniplex_forest_clump_medium,
          infiniplex_forest_lined_3_way, infiniplex_forest_end_2,
          infiniplex_forest_clump_tiny, infiniplex_forest_end_2
D:2:      layout_rooms, zin_statuary, gammafunk_temple_overflow_wave
D:3:      layout_basic, fedhas_ov_isle_minmay, portal_sewer_entry_e,
          uniq_jessica
D:4:      kennysheep_slugbush, layout_loops_ring
D:5:      cheibrodos_barr_body, layout_loops_ring, dancing_weapons_uskayaw,
          serial_shops, shop_fountains, first_ration
D:6:      layout_rooms, minivault_22, grunt_ministairs_1, uniq_prince_ribbit1,
          uniq_duvessa
D:7:      layout_basic, kiku_gazebo_garden_becter, minmay_temple_entry_glass,
          chequers_mini_garden, st_stairs_14, the_bakery,
          minmay_misc_feat_enclosed, yredelemnul_altar_generic, uniq_pikel
D:8:      layout_rooms, nicolae_overflow_quartered_altars, erik_lair_dragon,
          hangedman_abyss_or_decor_passed, trog_butcher_becter
D:9:      layout_irregular_city, erik_orc_1, serial_shops,
          kennysheep_little_box, serial_bayou, serial_bayou_lagoon_a,
          serial_bayou_lake_a, serial_bayou_pond_e, serial_bayou_pond_e,
          uniq_harold
Lair:1:   layout_layer_cave, portal_ice_cave_entry_ice_beasts,
          ebering_ghost_reflecting_pool, st_stairs_3, fungi_pond_lemuel
Lair:2:   layout_small_grid, palyth_hydra_swamp_entry,
          guppyfry_snake_entry_island, ebering_ghost_inner_flame,
          minmay_shattered_shrine, uniq_sonja
Lair:3:   layout_hall_layers, st_stairs_4, infiniplex_staircase_pool_2,
          grunt_megastairs_1
Lair:4:   layout_cave_pods
Lair:5:   layout_cave_pods, slime_altar_1, special_room [special_room_bee],
          minmay_lindwurm_lava, serial_bayou_shore_a
Lair:6:   due_jungle_book, layout_long_grid, wad_woods_river_02,
          grunt_megastairs_5

Skill      XL: |  1  2  3  4  5  6  7  8  9 10 11 12 13 |
---------------+----------------------------------------+-----
Axes           | 4 5 6 7 8 10 12 13 15 17 18 | 18.9
Fighting       | 4 5 6 8 9 10 11 12 14 | 14.2
Armour         | 3 4 5 6 7 8 10 11 12 14 | 14.1
Evocations     | 3 4 6 |  6.0
Dodging        | |  2.1

Action                   |  1- 3 |  4- 6 |  7- 9 | 10-12 | 13-15 || total
-------------------------+-------+-------+-------+-------+-------++-------
Melee: Hand axe          |    66 |   151 |   298 |   606 |   221 ||  1342
       Headbutt          |    11 |    20 |    75 |   181 |    78 ||   365
       War axe           |       |       |    50 |    65 |       ||   115
       Executioner's axe |       |       |       |       |   186 ||   186
Throw: Dart              |       |       |    19 |    21 |       ||    40
       Boomerang         |       |       |       |    12 |    13 ||    25
Invok: Trog's Hand       |       |       |       |     8 |     7 ||    15
       Berserk           |       |       |       |     2 |     1 ||     3
  Use: Scroll            |       |     6 |     1 |     5 |     5 ||    17
       Potion            |       |       |     4 |     9 |       ||    13
  Eat: Chunk             |       |     6 |    12 |    23 |    14 ||    55
       Ration            |       |       |       |     3 |       ||     3
Armor: Animal skin       |    31 |    11 |       |       |       ||    42
       Scale mail        |       |    42 |    72 |       |       ||   114
       Plate armour      |       |       |    57 |    33 |       ||    90
       Ring mail         |       |       |       |   163 |   198 ||   361
       Skin              |       |       |       |    10 |       ||    10
Dodge: Dodged            |    60 |    72 |   150 |   209 |   208 ||   699
Block: Other             |       |       |       |    94 |    93 ||   187
       Reflection        |       |       |       |     3 |       ||     3
